 Dungeon Crawl Stone Soup version 0.19.3-1-g3169bf9 (webtiles) character file.

546 Naow the Charmwright (level 7, 0/36 HPs)
             Began as a Deep Elf Conjurer on Jan 25, 2017.
             Slain by an ice beast (10 damage)
             ... on level 5 of the Dungeon.
             The game lasted 00:11:50 (5495 turns).

Naow the Charmwright (Deep Elf Conjurer)            Turns: 5495, Time: 00:11:50

Health: 0/36       AC:  3    Str:  5    XL:     7   Next: 6%
Magic:  4/16       EV: 13    Int: 22    God:
Gold:   406        SH:  0    Dex: 15    Spells: 4 memorised, 3 levels left

rFire  . . .     SeeInvis .     e - +1 short sword
rCold  . . .     Gourm    .     a - +1 robe
rNeg   . . .     Faith    .     (no shield)
rPois  .         Spirit   .     (no helmet)
rElec  .         Reflect  .     (no cloak)
rCorr  .         Harm     .     (no gloves)
MR     .....                    (no boots)
Stlth  ++........               (no amulet)
                                (no ring)
                                (no ring)

@: no status effects
A: no striking features
a: no special abilities


You were on level 5 of the Dungeon.
You were not hungry.

You visited 1 branch of the dungeon, and saw 5 of its levels.
You also visited: Ossuary.

You collected 406 gold pieces.

Inventory:

Hand Weapons
 e - a +1 short sword (weapon)
Armour
 a - a +1 robe (worn)
 k - a +0 shield
Wands
 p - a wand of enslavement (11/24)
Scrolls
 d - a scroll of identify
 g - a scroll of fear
 t - a scroll of remove curse
Potions
 f - a potion of mutation {unknown}
 h - 3 potions of agility
 i - a potion of might
 j - 2 potions of beneficial mutation
 l - a potion of cure mutation
 q - a potion of flight {unknown}
 r - 2 potions of cancellation {unknown}
 s - a potion of degeneration {unknown}
 u - a potion of resistance {unknown}
 v - a potion of ambrosia {unknown}
 w - 2 potions of invisibility
 x - a potion of curing
 z - 2 potions of berserk rage {unknown}
Books
 b - a book of Conjurations

   Spells                             Type                      Level
   a - Magic Dart                     Conjuration                  1
   b - Searing Ray                    Conjuration                  2
   c - Dazzling Spray                 Conjuration/Hexes            3
   d - Fulminant Prism                Conjuration/Hexes            4
   e - Iskenderun's Mystic Blast      Conjuration                  4
   f - Iskenderun's Battlesphere      Conjuration/Charms           5
 n - a book of Misfortune

   Spells                             Type                      Level
   a - Confusing Touch                Hexes                        1
   b - Confuse                        Hexes                        3
   c - Gell's Gravitas                Hexes/Translocation          3
   d - Petrify                        Transmutation/Earth          4
   e - Metabolic Englaciation         Hexes/Ice                    5
   f - Yara's Violent Unravelling     Hexes/Transmutation          5
Comestibles
 c - 4 bread rations
 m - a fruit


   Skills:
 - Level 2.4 Dodging
 - Level 2.4 Stealth
 - Level 4.6 Spellcasting
 - Level 6.3 Conjurations
 + Level 7.9 Charms


You had 3 spell levels left.
You knew the following spells:

 Your Spells              Type           Power        Failure   Level  Hunger
a - Magic Dart            Conj           ####         1%          1    None
b - Searing Ray           Conj           ####..       1%          2    None
c - Iskenderun's Mystic   Conj           ####....     12%         4    ####...
d - Iskenderun's Battles  Conj/Chrm      #####...     17%         5    #####..


Dungeon Overview and Level Annotations

Branches:
Dungeon (5/15)
 Temple: D:4-7

Altars:
Fedhas
Okawaru
Qazlal
Sif Muna
Xom
Yredelemnul
The Shining One


Message History

You kill the adder!
The searing ray hits the ice beast.
The ice beast is moderately wounded.
You finish channeling your searing ray.
The ice beast hits you. The ice beast freezes you.
Casting: Searing Ray
Confirm with . or Enter, or press ? or * to list all spells.
Aiming: Searing Ray
Press: ? - help, Shift-Dir - straight line, f - ice beast
Aim: an ice beast (moderately wounded)
The searing ray misses the ice beast. (Press . to maintain the ray.)
The ice beast barely misses you.
The searing ray hits the ice beast.
The ice beast is heavily wounded.
The ice beast hits you. The ice beast freezes you!
The searing ray misses the ice beast.
The ice beast hits you.
* * * LOW HITPOINT WARNING * * *
The ice beast freezes you!
You die...

##..###.....###...#
#.# ##..##.##...##
#..# #.#
##..###'###.###+#
#..#
#................
...#
#########.######
.## #.# . #.# #.#
#.########.....
#....@Y........
########.......
..._/.. #......
...... ...... .....
.....


You could see an ice beast.

Vanquished Creatures
  A scorpion (D:5)
  A crimson imp (D:4)
  An orc priest (D:3)
  A jelly (D:3)
  Ijyb (D:3)
  Natasha (thrice) (D:2)
  A worker ant (D:4)
  9 mummies
  Robin (D:2)
  4 adders
  2 oozes
  3 worms (D:2)
  2 dart slugs
  2 leopard geckos
  4 orcs
  2 ball pythons (D:3)
  2 giant cockroaches
  18 goblins
  10 hobgoblins
  3 jackals (D:2)
  7 kobolds
  A quokka (D:3)
  11 bats
  6 frilled lizards
  A gnoll zombie (Ossuary)
  5 hobgoblin zombies
  A kobold zombie (Ossuary)
  2 orc zombies (Ossuary)
  5 rats
110 creatures vanquished.

Notes
Turn   | Place    | Note
-------+----------+-------------------------------------------
     0 | D:1      | Naow the Deep Elf Conjurer began the quest for the Orb.
     0 | D:1      | Reached XP level 1. HP: 10/10 MP: 6/6
     6 | D:1      | Noticed a wolf
     6 | D:1      | Noticed an iguana
     7 | D:1      | Noticed a water moccasin
     7 | D:1      | Noticed a polar bear
   178 | D:1      | Reached XP level 2. HP: 15/15 MP: 1/8
   182 | D:1      | Learned a level 2 spell: Searing Ray
   670 | D:1      | Reached skill level 5 in Conjurations
  1209 | D:2      | Reached XP level 3. HP: 2/19 MP: 0/10
  1678 | D:2      | Noticed Natasha
  1682 | D:2      | Killed Natasha
  1682 | D:2      | Reached XP level 4. HP: 24/24 MP: 7/12
  1724 | D:2      | Noticed Natasha
  1727 | D:2      | Killed Natasha
  1733 | D:2      | Learned a level 4 spell: Iskenderun's Mystic Blast
  1742 | D:2      | Noticed Natasha
  1748 | D:2      | Killed Natasha
  2261 | D:2      | Reached XP level 5. HP: 28/28 MP: 11/13
  2271 | D:2      | Learned a level 5 spell: Iskenderun's Battlesphere
  2322 | D:2      | Noticed Robin
  2325 | D:2      | Killed Robin
  2325 | D:2      | Reached skill level 1 in Charms
  2702 | D:2      | Found a shimmering altar of Xom.
  2704 | D:2      | Found a stormy altar of Qazlal.
  2704 | D:2      | Found a stormy altar of Qazlal.
  2706 | D:2      | Found a basalt altar of Yredelemnul.
  2706 | D:2      | Found a glowing golden altar of the Shining One.
  2706 | D:2      | Found an iron altar of Okawaru.
  2830 | D:2      | Reached skill level 2 in Charms
  2907 | D:3      | Reached skill level 3 in Charms
  3057 | D:3      | Reached skill level 4 in Charms
  3412 | D:3      | Noticed Ijyb
  3420 | D:3      | Killed Ijyb
  3420 | D:3      | Reached XP level 6. HP: 29/32 MP: 8/15
  3688 | D:3      | Reached skill level 5 in Charms
  3978 | D:3      | Found a deep blue altar of Sif Muna.
  4303 | D:4      | Reached skill level 6 in Charms
  4339 | D:5      | Entered Level 5 of the Dungeon
  4625 | D:5      | Found a sand-covered staircase.
  4632 | Ossuary  | Entered an ossuary
  4745 | Ossuary  | Reached skill level 7 in Charms
  5194 | Ossuary  | Reached XP level 7. HP: 36/36 MP: 8/16
  5479 | D:5      | Found a blossoming altar of Fedhas.
  5495 | D:5      | Slain by an ice beast

Skill      XL: |  1  2  3  4  5  6 |
---------------+-------------------+-----
Conjurations   | 5 6 |  6.3
Spellcasting   | 4 |  4.6
Charms         | 4 7 |  7.9
Dodging        | |  2.4
Stealth        | |  2.4

Action                   |  1- 3 |  4- 6 |  7- 9 || total
-------------------------+-------+-------+-------++-------
Melee: Short sword       |     4 |     7 |       ||    11
 Cast: Magic Dart        |    61 |   190 |    16 ||   267
       Searing Ray       |     1 |     8 |     3 ||    12
       Iskenderun's Batt |       |     3 |       ||     3
  Use: Potion            |     1 |     1 |       ||     2
       Scroll            |       |     5 |     7 ||    12
  Eat: Chunk             |     2 |     7 |       ||     9
       Fruit             |       |     2 |       ||     2
       Bread ration      |       |     1 |       ||     1
Armor: Robe              |     3 |     2 |     1 ||     6
Dodge: Dodged            |    11 |    12 |     2 ||    25
Block: Shield            |       |     2 |       ||     2
